 Dungeon Crawl Stone Soup version 0.23-a0-808-gd21de94 (webtiles) character file.

1071 Firecrotchwizard the Spear-Bearer (level 8, -3/63 HPs)
             Began as a Merfolk Gladiator on Jan 19, 2019.
             Slain by Blork the orc
             ... wielding a +0 war axe
              (4 damage)
             ... on level 5 of the Dungeon on Jan 20, 2019.
             The game lasted 00:11:15 (5164 turns).

Firecrotchwizard the Spear-Bearer (MfGl)            Turns: 5164, Time: 00:11:16

Health: -3/63      AC:  9    Str: 16    XL:     8   Next: 28%
Magic:  8/8        EV: 13    Int:  7    God:
Gold:   43         SH:  0    Dex: 16    Spells: 7/7 levels left

rFire    . . .     SeeInvis .   a - +1 trident
rCold    . . .     Gourm    .   (no shield)
rNeg     . . .     Faith    .   o - +0 scale mail
rPois    .         Spirit   .   v - +0 helmet (curse)
rElec    .         Reflect  .   (no cloak)
rCorr    .         Harm     .   r - +1 pair of gloves
MR       .....                  (no boots)
Stlth    ..........             (no amulet)
HPRegen  0.20/turn              (no ring)
MPRegen  0.11/turn              (no ring)

@: drained
A: change form in water, swift swim, stealthy swim
a: no special abilities


You were on level 5 of the Dungeon.
You were not hungry.

You visited 1 branch of the dungeon, and saw 5 of its levels.

You collected 147 gold pieces.
You spent 104 gold pieces at shops.

Inventory:

Hand Weapons
 a - a +1 trident (weapon)
 s - a +0 long sword
   (You took it off a wight on level 5 of the Dungeon)
Missiles
 d - 3 throwing nets {=f, !d}
Armour
 b - a +0 leather armour
 c - a +0 helmet
 g - a +0 ring mail
   (You found it on level 1 of the Dungeon)
 j - a +1 hat of see invisible
   (You found it on level 1 of the Dungeon)
 o - a +0 scale mail (worn)
   (You took it off a wight on level 5 of the Dungeon)
 r - a +1 pair of gloves (worn)
   (You found it on level 3 of the Dungeon)
 v - a cursed +0 helmet (worn)
   (You found it on level 4 of the Dungeon)
Scrolls
 e - 2 scrolls of amnesia
 h - 2 scrolls of magic mapping {!r}
 n - a scroll of teleportation
 p - 3 scrolls of identify
Potions
 i - 2 potions of might {unknown}
 k - a potion of mutation {unknown}
 l - 2 potions of curing {unknown}
 m - a potion of haste {unknown}
 q - a potion of flight {unknown}
Comestibles
 f - 8 rations


   Skills:
 + Level 5.5(5.4) Fighting
 * Level 10.4(10.3) Polearms
 - Level 2.0(1.9) Throwing
 + Level 7.3(7.2) Dodging


You had 7 spell levels left.
You didn't know any spells.
Your spell library was empty.

Dungeon Overview and Level Annotations

Branches:
Dungeon (5/15)
 Temple: D:4-7

Altars:
Hepliaklqana
Sif Muna
Uskayaw

Shops:
D:4 ?   D:5 *

Annotations:
D:3 2 transporters
D:5 Blork the orc


Message History

You reach to attack!
You hit the gnoll sergeant but do no damage.
Attack whom?
Aim: a gnoll sergeant, wielding a +0 trident, wearing a +0 scale mail and wearing a +0 shield (lightly wounded)
You reach to attack!
You hit the gnoll sergeant but do no damage.
The gnoll sergeant barely misses you.
Attack whom?
Aim: a gnoll sergeant, wielding a +0 trident, wearing a +0 scale mail and wearing a +0 shield (lightly wounded)
You reach to attack!
The gnoll sergeant blocks your attack. The gnoll sergeant misses you.
Attack whom?
Aim: a gnoll sergeant, wielding a +0 trident, wearing a +0 scale mail and wearing a +0 shield (lightly wounded)
You reach to attack!
You puncture the gnoll sergeant!
Attack whom?
Aim: a gnoll sergeant, wielding a +0 trident, wearing a +0 scale mail and wearing a +0 shield (heavily wounded)
You reach to attack!
You puncture the gnoll sergeant! The gnoll sergeant barely misses you.
Attack whom?
Aim: a gnoll sergeant, wielding a +0 trident, wearing a +0 scale mail and wearing a +0 shield (severely wounded)
You reach to attack!
Your scale mail prevents you from hitting the gnoll sergeant.
The gnoll sergeant misses you.
Attack whom?
Aim: a gnoll sergeant, wielding a +0 trident, wearing a +0 scale mail and wearing a +0 shield (severely wounded)
You reach to attack!
You closely miss the gnoll sergeant. The gnoll sergeant barely misses you.
Attack whom?
Aim: a gnoll sergeant, wielding a +0 trident, wearing a +0 scale mail and wearing a +0 shield (severely wounded)
You reach to attack!
The gnoll sergeant blocks your attack.
Attack whom?
Aim: a gnoll sergeant, wielding a +0 trident, wearing a +0 scale mail and wearing a +0 shield (severely wounded)
You reach to attack!
You hit the gnoll sergeant.
The gnoll sergeant hits you but does no damage.
Attack whom?
Aim: a gnoll sergeant, wielding a +0 trident, wearing a +0 scale mail and wearing a +0 shield (almost dead)
You reach to attack!
You puncture the gnoll sergeant!
You kill the gnoll sergeant!
No target in view!
No target in view!
No target in view!
Something hits you.
Things that are here:
a +0 long sword; a cursed +0 scale mail; a +0 shield You take 6 damage, and have 47/63 hp.
You hit something but do no damage. Something hits you but does no damage.
You hit something. Something hits you!
You take 9 damage, and have 38/63 hp.
You hit something but do no damage. Something hits you but does no damage.
You hit something but do no damage. Something hits you.
You take 1 damage, and have 37/63 hp.
You puncture something! Something hits you but does no damage.
You hit something.
You are starving!
You hear some strange, mumbled words.
A puff of frost appears from out of thin air!
The puff of frost hits you!
You hear some strange, mumbled words.
A puff of flame appears from out of thin air!
The puff of flame hits you!
You take 6 damage, and have 32/63 hp.
You closely miss something. Something hits you but does no damage.
Your scale mail prevents you from hitting something.
Something completely misses you.
You closely miss something. Something hits you.
You take 2 damage, and have 30/63 hp.
You miss something. Something hits you.
You take 1 damage, and have 29/63 hp.
You barely miss something. Something hits you.
You take 3 damage, and have 26/63 hp.
You closely miss something. Something hits you!
* * * LOW HITPOINT WARNING * * *
You take 8 damage, and have 18/63 hp.
You puncture something! You hit something but do no damage. Something hits you.
* * * LOW HITPOINT WARNING * * *
You take 5 damage, and have 13/63 hp.
You eat one of the 9 rations.
That ration really hit the spot!
Something barely misses you.
You hit something. Something barely misses you.
You barely miss something. Something hits you.
* * * LOW HITPOINT WARNING * * *
You take 3 damage, and have 10/63 hp.
Your scale mail prevents you from hitting something.
Something hits you.
* * * LOW HITPOINT WARNING * * *
You take 6 damage, and have 4/63 hp.
You puncture something! Something hits you but does no damage.
You closely miss something.
Your scale mail prevents you from hitting something.
You hear some strange, mumbled words.
A puff of frost appears from out of thin air!
The puff of frost hits you!
You hit something. Something hits you but does no damage.
Your scale mail prevents you from hitting something.
You closely miss something. Something hits you.
* * * LOW HITPOINT WARNING * * *
You take 3 damage, and have 1/63 hp.
You closely miss something. Something hits you.
You die...

....##....## ###.. ....
##.#..# ...... .... ##.....
........ ..........<....
..###..!# #..............
..#)#.?.#### #..............
..###......# ##..............
...........###...............
...........{@................
##.......####....<≈≈≈......
##.#....# #...≈≈≈≈≈.....
#.#....# ##....∩≈≈.....
##.#.#### ###≈≈≈≈≈..###
#....# ##≈≈≈...##
#....########## #.......#
#.............###.......##
#..............)..........


There were no monsters in sight!

Vanquished Creatures
  An ice beast (D:5)
  A phantom (D:4)
  An ogre (D:4)
  A gnoll sergeant (D:5)
  A scorpion (D:4)
  A howler monkey (D:2)
  3 wights (D:5)
  3 crimson imps
  A bullfrog zombie (D:4)
  An orc priest (D:2)
  2 orc wizards (D:3)
  2 iguanas (D:4)
  2 worker ants (D:4)
  A hound skeleton (D:4)
  7 adders
  3 oozes
  4 worms
  6 dart slugs
  6 leopard geckos
  10 orcs
  7 giant cockroaches
  6 goblins
  8 hobgoblins
  A quokka (D:3)
  A ball python (D:1)
  11 bats
  4 frilled lizards
  11 kobolds
  13 rats
119 creatures vanquished.

Notes
Turn   | Place    | Note
-------+----------+-------------------------------------------
     0 | D:1      | Firecrotchwizard the Merfolk Gladiator began the quest for
                  | the Orb.
     0 | D:1      | Reached XP level 1. HP: 16/16 MP: 1/1
   149 | D:1      | Reached XP level 2. HP: 23/23 MP: 2/2
   218 | D:1      | Reached skill level 5 in Polearms
   285 | D:1      | Upgraded the game from 0.23-a0-767-gdc19b93 to
                  | 0.23-a0-808-gd21de94
   321 | D:1      | Reached XP level 3. HP: 22/28 MP: 3/3
  1128 | D:2      | Reached XP level 4. HP: 27/34 MP: 4/4
  1192 | D:2      | Found a deep blue altar of Sif Muna.
  1366 | D:2      | Reached skill level 3 in Fighting
  1366 | D:2      | Reached skill level 6 in Polearms
  1664 | D:2      | Reached skill level 5 in Dodging
  1852 | D:2      | Reached XP level 5. HP: 37/41 MP: 5/5
  2302 | D:3      | Reached skill level 7 in Polearms
  2646 | D:3      | Reached XP level 6. HP: 34/48 MP: 6/6
  2983 | D:3      | Found a hide-covered altar of Uskayaw.
  3200 | D:3      | Reached skill level 4 in Fighting
  3264 | D:3      | Found a hazy altar of Hepliaklqana.
  3268 | D:3      | Found a transporter.
  3300 | D:3      | Found a transporter.
  3463 | D:3      | Reached skill level 8 in Polearms
  3789 | D:4      | Reached skill level 6 in Dodging
  3841 | D:4      | Reached XP level 7. HP: 48/55 MP: 7/7
  4189 | D:4      | Reached skill level 9 in Polearms
  4625 | D:4      | Found Seab Led's Magic Scroll Boutique.
  4630 | D:4      | Bought a scroll of enchant armour for 82 gold pieces
  4630 | D:4      | Bought a scroll of identify for 22 gold pieces
  4644 | D:4      | Reached skill level 5 in Fighting
  4766 | D:5      | Entered Level 5 of the Dungeon
  4804 | D:5      | Found Jeuja's General Store.
  4836 | D:5      | Reached skill level 7 in Dodging
  4836 | D:5      | Reached XP level 8. HP: 53/62 MP: 8/8
  4847 | D:5      | Reached skill level 10 in Polearms
  5097 | D:5      | Noticed Blork the orc
  5153 | D:5      | HP: 13/63 [something (5)]
  5157 | D:5      | HP: 4/63 [something (6)]
  5163 | D:5      | HP: 1/63 [something (4)]
  5164 | D:5      | Slain by Blork the orc

Vault maps used:
D:1:      dpeg_arrival_water_fire
D:2:      lemuel_coloured_pillars_altar, hex_intersection,
          kennysheep_generic_room_10
D:3:      eat_drink_and_be_merry_uskayaw, gammafunk_temple_overflow_arena
D:4:      serial_shops, shop, first_ration, hangedman_abyss_or_decor_slice
D:5:      serial_shops, nicolae_shop_waterfront, sword_in_stone

Skill      XL: |  1  2  3  4  5  6  7  8 |
---------------+-------------------------+-----
Polearms       | 5 6 7 8 9 10 | 10.4
Fighting       | 3 4 5 |  5.5
Dodging        | 5 6 7 |  7.3
Throwing       | |  2.0

Action                   |  1- 3 |  4- 6 |  7- 9 || total
-------------------------+-------+-------+-------++-------
Melee: Trident           |   127 |   261 |   196 ||   584
       Tailslap          |       |       |     2 ||     2
  Use: Scroll            |       |       |     6 ||     6
  Eat: Chunk             |     1 |     8 |     3 ||    12
       Ration            |       |       |     1 ||     1
Armor: Ring mail         |    24 |    49 |    15 ||    88
       Scale mail        |       |       |    15 ||    15
Dodge: Dodged            |    61 |   146 |    85 ||   292

Table legend:
 A = Non-vault XP
 B = Vault XP
 C = Vault XP percentage of total XP
 D = Non-vault monster count
 E = Vault monster count
 F = Vault count percentage of total count
                 A         B        C        D         E       F
            +---------+---------+-------+---------+---------+-------
      Total |    1265 |     266 |  17.4 |     114 |       5 |   4.2
            +---------+---------+-------+---------+---------+-------
        D:1 |      50 |       0 |   0.0 |      25 |       0 |   0.0
        D:2 |     178 |       5 |   2.7 |      34 |       1 |   2.9
        D:3 |     308 |       0 |   0.0 |      36 |       0 |   0.0
        D:4 |     545 |       0 |   0.0 |      16 |       0 |   0.0
        D:5 |     184 |     261 |  58.7 |       3 |       4 |  57.1
            +---------+---------+-------+---------+---------+-------

Vault maps used:
D:1:      dpeg_arrival_water_fire
D:2:      lemuel_coloured_pillars_altar, hex_intersection,
          kennysheep_generic_room_10
D:3:      eat_drink_and_be_merry_uskayaw, gammafunk_temple_overflow_arena
D:4:      serial_shops, shop, first_ration, hangedman_abyss_or_decor_slice
D:5:      serial_shops, nicolae_shop_waterfront, sword_in_stone

Table legend:
 A = Turns spent in this place as a percentage of turns spent in the entire game.
 B = Non-inter-level travel turns spent in this place as a percentage of non-inter-level travel turns spent in the entire game.
 C = Inter-level travel turns spent in this place as a percentage of turns spent in this place.
 D = Turns resting spent in this place as a percentage of non-inter-level travel turns spent in this place.
 E = Turns spent auto-exploring this place as a percentage of non-inter-level travel turns spent in this place.
 F = Non-inter-level travel turns spent in this place divided by the number of levels of this place that you've seen.
                   A       B       C       D       E      F
               +-------+-------+-------+-------+-------+----------------------
         Total | 100.0 | 100.0 |   3.5 |  20.5 |  56.6 | 996.4
       Dungeon | 100.0 | 100.0 |   3.5 |  20.5 |  56.6 | 996.4
               +-------+-------+-------+-------+-------+----------------------

Table legend:
 A = Kills in this place as a percentage of kills in entire the game.
 B = Kills by you in this place as a percentage of kills by you in the entire game.
 C = Kills by friends in this place as a percentage of kills by friends in the entire game.
 D = Other kills in this place as a percentage of other kills in the entire game.
 E = Experience gained in this place as a percentage of experience gained in the entire game.
 F = Experience gained in this place divided by the number of levels of this place that you have seen.
                   A       B       C       D       E      F
               +-------+-------+-------+-------+-------+----------------------
         Total | 100.0 | 100.0 |   N/A |   N/A | 100.0 | 306.2
       Dungeon | 100.0 | 100.0 |   N/A |   N/A | 100.0 | 306.2
               +-------+-------+-------+-------+-------+----------------------
